 Dungeon Crawl Stone Soup version 0.28.0-45-g0d030f2227 (webtiles) character file.

Game seed: 14437479788832081439

98 sking99 the Digger (level 4, 42/42 HPs)
             Began as an Ogre Earth Elementalist on May 23, 2022.
             Was an Initiate of Kikubaaqudgha.
             Quit the game on level 4 of the Dungeon.
             The game lasted 00:07:01 (3552 turns).

sking99 the Digger (Ogre Earth Elementalist)        Turns: 3552, Time: 00:07:02

Health: 42/42      AC:  3    Str: 12    XL:     4   Next: 69%
Magic:  7/8        EV: 10    Int: 18    God:    Kikubaaqudgha [......]
Gold:   148        SH:  0    Dex: 15    Spells: 3/9 levels left

rFire   . . .      SeeInvis .   s - +2 short sword (elec)
rCold   . . .      Faith    .   (no shield)
rNeg    . . .      Spirit   .   b - +0 robe
rPois   .          Reflect  .   (helmet restricted)
rElec   .          Harm     .   (no cloak)
rCorr   .          Rampage  .   (gloves unavailable)
Will    .....                   (boots unavailable)
Stlth   ++........              (no amulet)
HPRegen 0.14/turn               j - +6 ring of dexterity
MPRegen 0.11/turn               k - ring of flight

@: flying
A: large, unfitting armour, tough skin 1
a: Renounce Religion


You were on level 4 of the Dungeon.
You worshipped Kikubaaqudgha.
Kikubaaqudgha was noncommittal.
You visited 1 branch of the dungeon, and saw 4 of its levels.

You collected 148 gold pieces.

Inventory:

Hand Weapons
 s - a +2 short sword of electrocution (weapon)
Missiles
 c - 89 stones
 g - a throwing net
Armour
 b - a +0 robe (worn)
Jewellery
 j - a +6 ring of dexterity (left hand)
 k - a ring of flight (right hand)
Wands
 f - a wand of paralysis (8)
Scrolls
 a - a scroll of noise {unknown}
 i - a scroll of fear {unknown}
 m - 2 scrolls of identify {unknown}
 n - a scroll of teleportation {unknown}
 o - 2 scrolls of vulnerability {unknown}
Potions
 d - 2 potions of degeneration {unknown}
 e - a potion of curing {unknown}
 h - a potion of heal wounds {unknown}
 l - a potion of resistance {unknown}
 p - a potion of magic {unknown}
 q - a potion of mutation {unknown}
 r - a potion of flight {unknown}
 t - a potion of attraction {unknown}
 u - 2 potions of haste {unknown}


   Skills:
 + Level 2.2 Fighting
 - Level 1.7 Dodging
 - Level 1.4 Stealth
 + Level 3.2 Spellcasting
 + Level 1.8 Transmutations
 * Level 3.6 Earth Magic


You had 3 spell levels left.
You knew the following spells:

 Your Spells              Type           Power      Damage    Failure   Level
a - Sandblast             Erth           32%        2d9       3%          1
b - Stone Arrow           Conj/Erth      18%        3d8       22%         3
z - Passwall              Tmut/Erth      10%        N/A       8%          2

Your spell library contained the following spells:

 Spells                   Type           Power      Damage    Failure   Level
 Pain                     Necr           8%         1d4       16%         1
 Scorch                   Fire           4%         2d5       24%         2
 Ignite Poison            Fire/Tmut/Pois 5%         N/A       36%         3
 Mephitic Cloud           Conj/Pois/Air  2%         N/A       43%         3
 Petrify                  Tmut/Erth      12%        N/A       45%         4
 Flame Wave               Conj/Fire      2%         2d4       85%         4
 Agony                    Necr           2%         N/A       99%         5
 Excruciating Wounds      Necr           1%         N/A       99%         5
 Freezing Cloud           Conj/Ice/Air   1%         6-21      99%         5
 Summon Cactus Giant      Summ           1%         N/A       100%        6


Dungeon Overview and Level Annotations

Branches:
Dungeon (4/15)
 Temple: D:4-7

Altars:
Kikubaaqudgha
Makhleb
Qazlal
Ru
Trog
Xom


Innate Abilities, Weirdness & Mutations

You are too large for most types of armour.
You have tough skin. (AC +1)


Message History

You add the spells Ignite Poison, Mephitic Cloud and Freezing Cloud to your library.
Found a ring mail.
A worm comes into view.
Found a stone staircase leading down.
A worm is nearby!
Casting: Sandblast (safe; 3% risk of failure)
Confirm with . or Enter, or press ? or * to list all spells.
Aiming: Sandblast (safe; 3% risk of failure)
Press: ? - help, Shift-Dir - straight line, f - worm
Aim: a worm (93% to hit)
The blast of sand hits the worm!
The worm is severely wounded.
Casting: Sandblast (safe; 3% risk of failure)
Confirm with . or Enter, or press ? or * to list all spells.
Aiming: Sandblast (safe; 3% risk of failure)
Press: ? - help, Shift-Dir - straight line, f/p - worm
Aim: a worm (severely wounded, 93% to hit)
The blast of sand hits the worm!
You kill the worm!
Kikubaaqudgha accepts your kill.
A worm comes into view.
A worm is nearby!
A worm comes into view.
Found 15 gold pieces.
Casting: Sandblast (safe; 3% risk of failure)
Confirm with . or Enter, or press ? or * to list all spells.
You can't see any susceptible monsters within range! (Use Z to cast anyway.) Unknown command. 2 worms come into view.
The worm falls through a shaft!
The shaft crumbles and collapses.
The worm falls through a shaft!
The shaft crumbles and collapses.
You see here a worm corpse.
Casting: Sandblast (safe; 3% risk of failure)
Confirm with . or Enter, or press ? or * to list all spells.
Aiming: Sandblast (safe; 3% risk of failure)
Press: ? - help, Shift-Dir - straight line, f - worm
Aim: a worm (asleep, 100% to hit)
The blast of sand hits the worm!
The worm is heavily wounded.
Are you sure you want to abandon this character and quit the game? (Confirm with "yes".)

#..#####...........
#..................
##..................
##...................
#....................
#.................
#.##..............
##..#####..........
#.@...# #..........
#.....^^########....
#.^^>.....# ###..
#..^...w^...# ##..
#..^...........####..#
#..^...^$..#.........#
##^...^..^.# .#.....##
##.w^....## ######.#
#..#


You could see 2 worms.

Vanquished Creatures
  A howler monkey zombie (D:3)
  3 adders
  An adder skeleton (D:4)
  A worm (D:4)
  3 orcs (D:2)
  A ball python (D:3)
  5 endoplasms
  2 giant cockroaches
  3 goblins
  6 hobgoblins
  3 jackals (D:3)
  3 kobolds
  3 quokkas
  4 bats
  5 frilled lizards
  7 rats
51 creatures vanquished.

Notes
Turn   | Place    | Note
-------+----------+-------------------------------------------
     0 | D:1      | sking99 the Ogre Earth Elementalist began the quest for the
                  | Orb.
     0 | D:1      | Reached XP level 1. HP: 16/16 MP: 3/3
   109 | D:1      | Reached skill level 1 in Transmutations
   153 | D:1      | Found a faded altar of an unknown god.
   180 | D:1      | Reached XP level 2. HP: 26/26 MP: 0/5
   690 | D:1      | Learned a level 2 spell: Passwall
   894 | D:1      | Reached skill level 1 in Fighting
  1124 | D:2      | Reached XP level 3. HP: 25/33 MP: 0/7
  1962 | D:2      | Learned a level 3 spell: Stone Arrow
  2214 | D:3      | Found a faded altar of an unknown god.
  2236 | D:3      | Reached XP level 4. HP: 40/42 MP: 4/8
  2498 | D:3      | Found a shimmering altar of Xom.
  2503 | D:3      | Found an ancient bone altar of Kikubaaqudgha.
  2507 | D:3      | Found a sacrificial altar of Ru.
  2510 | D:3      | Found a burning altar of Makhleb.
  2512 | D:3      | Found a stormy altar of Qazlal.
  2545 | D:3      | Found a bloodstained altar of Trog.
  3221 | D:3      | Became a worshipper of Kikubaaqudgha
  3552 | D:4      | Quit the game

Illustrated notes

Levels and vault maps discovered:
D:1:      minmay_arrival_shattered_statue, layout_basic,
          hellmonk_ecumenical_altar_lost_god
D:2:      layout_basic, guppyfry_early_orc_mine
D:3:      layout_basic, nicolae_overflow_hallway_of_the_gods,
          nicolae_overflow_ecumenical_swirl, grunt_ministairs_7
D:4:      layout_layer_cave, nicolae_wormholes, uniq_duvessa,
          uniq_blork_the_orc, uniq_crazy_yiuf_cottage

Skill      XL: |  1  2  3  4 |
---------------+-------------+-----
Transmutations | 1 |  1.8
Earth Magic    | 3 |  3.6
Fighting       | 1 2 |  2.2
Spellcasting   | 3 |  3.2
Dodging        | |  1.7
Stealth        | |  1.4

Action                   |  1- 3 |  4- 6 || total
-------------------------+-------+-------++-------
 Cast: Sandblast         |    61 |    28 ||    89
Armor: Robe              |     5 |     1 ||     6
Dodge: Dodged            |    13 |     5 ||    18
